 Dungeon Crawl Stone Soup version 0.21-a0-513-gdcb3f5e (webtiles) character file.

105 Gerstahl the Cutter (level 4, 0/55 HPs)
             Began as a Demonspawn Gladiator on Dec 1, 2017.
             Succumbed to a goblin's poison
             ... on level 2 of the Dungeon.
             The game lasted 00:01:53 (1409 turns).

Gerstahl the Cutter (Demonspawn Gladiator)          Turns: 1409, Time: 00:01:54

Health: 0/55       AC: 22    Str: 13 (15) XL:     4   Next: 53%
Magic:  0/4        EV:  2    Int:  6 (9)  God:
Gold:   63         SH:  0    Dex: 14 (15) Spells: 3/3 levels left

rFire    . . .     SeeInvis .   a - +0 rapier
rCold    . . .     Gourm    .   (no shield)
rNeg     + + +     Faith    .   (armour currently unavailable)
rPois    +         Spirit   +   (helmet currently unavailable)
rElec    .         Reflect  .   (cloak currently unavailable)
rCorr    .         Harm     .   (gloves currently unavailable)
MR       .....     NoTele   +   (boots currently unavailable)
Stlth    +.........             (no amulet)
HPRegen  0.18/turn              (no ring)
MPRegen  0.09/turn              (no ring)

@: lethally poisoned (0 -> -1), tree-form, hasted, very quick
A: magic shield
a: no special abilities


You were on level 2 of the Dungeon.
You were hungry.
You were a tree.
You visited 1 branch of the dungeon, and saw 2 of its levels.

You collected 63 gold pieces.

Inventory:

Hand Weapons
 a - a +0 rapier (weapon)
Missiles
 d - 3 throwing nets (quivered)
Armour
 b - a +0 leather armour (melded)
 c - a +0 helmet (melded)
Jewellery
 g - an uncursed ring of resist corrosion {unknown}
 q - an uncursed ring of stealth {unknown}
Scrolls
 j - a scroll of identify {unknown}
 l - a scroll of immolation {unknown}
 n - a scroll of teleportation {unknown}
 o - a scroll of amnesia {unknown}
Potions
 e - a potion of degeneration
 h - a potion of invisibility {unknown}
 i - a potion of mutation {unknown}
 p - a potion of curing {unknown}
Comestibles
 f - 2 bread rations
 r - a meat ration


   Skills:
 + Level 3.6 Fighting
 + Level 3.9 Short Blades
 - Level 1.7 Throwing
 - Level 2.6 Dodging


You had 3 spell levels left.
You didn't know any spells.

Dungeon Overview and Level Annotations

Branches:
Dungeon (2/15)

Altars:
Ashenzari
Vehumet

Annotations:
D:2 Robin


Innate Abilities, Weirdness & Mutations

When hurt, damage is shared between your health and your magic reserves.


Message History

* * * LOW HITPOINT WARNING * * *
Robin hits you but does no damage.
You hit Robin.
Robin is severely wounded.
You feel less wooden.
Your +0 helmet unmelds from your body.
Your +0 leather armour unmelds from your body.
The goblin hits you with a dagger.
* * * LOW HITPOINT WARNING * * *
A hobgoblin comes into view.
You turn into a tree.
Your +0 helmet melds into your body.
Your +0 leather armour melds into your body.
Your roots penetrate the ground.
The hobgoblin no longer looks unusually strong.
Robin roars a battlecry!
The hobgoblin goes into a battle-frenzy!
The goblin hits you but does no damage.
You hear a shout! x2
It was a potion of haste.
You feel yourself speed up.
You die...

##### ##...###
#########......#
...............#
#########......#####
# #......g♣gg# ###
#.####.###g# ..#
#.####.# .# #.#
####......# g#
..####.......### g#
#....#.......# gg
##.#.#.......# gg
##..#.......# ##
##.#.#.......#


You could see Robin, 2 hobgoblins and a goblin.

Vanquished Creatures
  A crimson imp (D:2)
  2 adders (D:2)
  2 worms (D:2)
  5 giant cockroaches
  12 goblins
  4 hobgoblins
  3 jackals (D:1)
  2 bats
  3 frilled lizards
  A kobold (D:1)
  10 rats
45 creatures vanquished.

Notes
Turn   | Place    | Note
-------+----------+-------------------------------------------
     0 | D:1      | Gerstahl the Demonspawn Gladiator began the quest for the Orb.
     0 | D:1      | Reached XP level 1. HP: 16/16 MP: 1/1
   104 | D:1      | Found a shattered altar of Ashenzari.
   243 | D:1      | Gained mutation: When hurt, damage is shared between your health and your magic reserves. [demonic ancestry]
   243 | D:1      | Reached XP level 2. HP: 23/23 MP: 2/2
   914 | D:2      | Found a radiant altar of Vehumet.
   930 | D:2      | Reached XP level 3. HP: 28/28 MP: 3/3
  1250 | D:2      | Reached XP level 4. HP: 33/35 MP: 2/4
  1372 | D:2      | Noticed Robin
  1407 | D:2      | HP: 1/37 [goblin/dagger[Robin] (1)]
  1409 | D:2      | Succumbed to a goblin's poison

Vault maps used:
D:1:      lightli_arrival_quake, evilmike_ruin_ashenzari
D:2:      lemuel_round_altar, uniq_robin

Skill      XL: |  1  2  3 |
---------------+----------+-----
Short Blades   | 3 |  3.9
Fighting       | 3 |  3.6
Throwing       | |  1.7
Dodging        | |  2.6

Action                   |  1- 3 |  4- 6 || total
-------------------------+-------+-------++-------
Melee: Rapier            |   101 |    58 ||   159
  Use: Potion            |       |     4 ||     4
  Eat: Chunk             |     1 |       ||     1
Armor: Leather armour    |    24 |    12 ||    36
       Skin              |       |    20 ||    20
Dodge: Dodged            |    58 |    21 ||    79

Table legend:
 A = Spawn XP
 B = Non-spawn XP
 C = Spawn XP percentage of total XP
 D = Spawn monster count
 E = Non-spawn monster count
 F = Spawn count percentage of total count
 G = Total turns spent on level
                    A         B        C        D         E        F      G
               +---------+---------+-------+---------+---------+-------+---------
         Total |       0 |     150 |   0.0 |       0 |      45 |   0.0 |  1409
               +---------+---------+-------+---------+---------+-------+---------
           D:1 |       0 |      35 |   0.0 |       0 |      24 |   0.0 |   914
           D:2 |       0 |     115 |   0.0 |       0 |      21 |   0.0 |   495
               +---------+---------+-------+---------+---------+-------+---------
